AoeStats
← alix

Arabia

508038834Analyzed
1v1 RM · 12d ago on Sep 20, 2026· 13m 31s· 2 players
Game mode
Random Map
Map size
Tiny (2 player)
Population
200
Speed
Normal
Resources
Standard
Victory
Conquest
Starting age
Dark Age
Ending age
Imperial Age
RankedLock teamsTeams togetherTeam positionsShared explorationLock speedFull tech treeHidden civsTurbo modeCheats
Victory
Defeat
🇧🇷 Bohemians · Brazil
1907
+14
🇩🇪 Dravidians · Germany
1860
-14
alix
6:22 Loom
9:10 Feudal Age
9:59 Town Watch
10:12 Double-Bit Axe
10:11 Horse Collar
Chagas
6:43 Loom
9:03 Feudal Age
9:47 Double-Bit Axe
12:50 Horse Collar
Connection lost

Rejoining the realm…

Still unreachable

The connection could not be restored.

Session expired

The server has moved on; the page needs a fresh start.